 Dungeon Crawl Stone Soup version 0.30-b1-2-g02819fbbbe (webtiles) character file.

Game seed: 18343519888021704732

3986 MisterFreud the Cruncher (level 10, -6/76 HPs)
             Began as a Gnoll Wanderer on Sept 4, 2023.
             Was an Initiate of Yredelemnul.
             Mangled by an elephant (12 damage)
             ... on level 7 of the Dungeon.
             The game lasted 00:10:23 (7214 turns).

MisterFreud the Cruncher (Gnoll Wanderer)           Turns: 7214, Time: 00:10:24

Health: -6/76      AC:  8    Str: 10    XL:     10   Next: 22%
Magic:  21/21      EV: 12    Int: 17    God:    Yredelemnul [......]
Gold:   114        SH:  5    Dex: 12    Spells: 23/23 levels left

rFire   . . .        z - +1 demon trident (venom)
rCold   . . .        g - +0 buckler
rNeg    . . .        v - +0 acid dragon scales
rPois   .            (no helmet)
rElec   .            t - +0 cloak
rCorr   +            (no gloves)
SInv    .            (no boots)
Will    .....        (no amulet)
Stlth   +++          (no ring)
HPRegen 0.32/turn    (no ring)
MPRegen 0.17/turn

%: no passive effects
@: no status effects
A: fangs 1, strong nose, distributed training
a: Renounce Religion, Recall Undead Harvest


You were on level 7 of the Dungeon.
You worshipped Yredelemnul.
Yredelemnul was noncommittal.
You visited 2 branches of the dungeon, and saw 9 of its levels.

You collected 314 gold pieces.
You spent 200 gold pieces at shops.

Inventory:

Hand Weapons
 a - a +2 quarterstaff of flaming
 z - a +1 demon trident of venom (weapon)
Missiles
 k - 13 poisoned darts
 p - a curare-tipped dart
 s - a throwing net (quivered)
 w - 6 boomerangs
Armour
 b - a +1 ring mail
 g - a +0 buckler (worn)
 t - a +0 cloak (worn)
 v - +0 acid dragon scales (worn)
Wands
 m - a wand of roots (10)
 r - a wand of charming (14)
 y - a wand of digging (8)
Scrolls
 c - 3 scrolls of fear
 j - 2 scrolls of teleportation
 l - a scroll of fog
 o - a scroll of magic mapping
 u - a scroll of noise {unknown}
Potions
 d - a potion of haste
 e - a potion of lignification
 f - 2 potions of curing
 h - a potion of brilliance
 i - 3 potions of mutation
 n - 5 potions of heal wounds
 q - a potion of cancellation
 x - 2 potions of attraction
 A - a potion of might {unknown}
 B - a potion of resistance {unknown}


   Skills:
 + Level 5.9 Fighting
 + Level 5.2 Short Blades
 + Level 5.2 Long Blades
 + Level 5.2 Axes
 + Level 5.2 Maces & Flails
 + Level 5.2 Polearms
 + Level 8.5 Staves
 + Level 5.2 Ranged Weapons
 + Level 5.9 Throwing
 + Level 5.9 Armour
 + Level 5.2 Dodging
 + Level 5.8 Stealth
 + Level 5.2 Shields
 + Level 5.2 Unarmed Combat
 + Level 7.3 Spellcasting
 + Level 4.3 Conjurations
 + Level 4.3 Hexes
 + Level 4.3 Summonings
 + Level 4.3 Necromancy
 + Level 4.3 Translocations
 + Level 4.3 Transmutations
 + Level 4.3 Fire Magic
 + Level 4.3 Ice Magic
 + Level 4.9 Air Magic
 + Level 4.3 Earth Magic
 + Level 4.3 Poison Magic
 + Level 5.8 Invocations
 + Level 5.2 Evocations


You had 23 spell levels left.
You didn't know any spells.
Your spell library contained the following spells:

 Spells                   Type           Power      Damage    Failure   Level
 Necrotise                Necr           84%        1d8       4%          1
 Poisonous Vapours        Pois/Air       44%        N/A       5%          2
 Static Discharge         Conj/Air       44%        2-4/arc   5%          2
 Blink                    Tloc           42%        N/A       6%          2
 Lesser Beckoning         Tloc           42%        N/A       6%          2
 Momentum Strike          Conj/Tloc      42%        3d9       6%          2
 Vampiric Draining        Necr           21%        2d7       12%         3
 Agony                    Necr           21%        N/A       73%         5


Dungeon Overview and Level Annotations

Branches:
Dungeon (8/15)             Temple (1/1) D:5            Lair (0/5) D:8

Altars:
Cheibriados
Dithmenos
Elyvilon
Fedhas
Gozag
Hepliaklqana
Makhleb
Nemelex Xobeh
Okawaru
Qazlal
Ru
Sif Muna
Uskayaw
Vehumet
Wu Jian
Xom
Yredelemnul
Zin
The Shining One

Shops:
D:2 ([:=   D:7 (


Innate Abilities, Weirdness & Mutations

You have very sharp teeth.
Your uncanny sense of smell can sniff out nearby items.
Your experience applies equally to all skills.


Message History

You hit the elephant.
The elephant looks as sick as possible!
The elephant is heavily wounded.
The elephant misses you. The elephant trunk-slaps you.
Unknown command.
You hit the elephant but do no damage.
The elephant looks as sick as possible!
The elephant is heavily wounded.
The elephant tramples you.
You hold your ground!
The elephant trunk-slaps you.
Unknown command.
You hit the elephant but do no damage.
The elephant looks as sick as possible!
The elephant is heavily wounded.
The elephant tramples you.
You hold your ground!
The elephant trunk-slaps you but does no damage.
Unknown command.
You are too injured to fight recklessly!
The elephant attacks as you move away! The elephant tramples you!
The elephant trunk-slaps you.
There is a stone staircase leading up here.
The elephant tramples you.
* * * LOW HITPOINT WARNING * * *
You hold your ground!
The elephant trunk-slaps you.
* * * LOW HITPOINT WARNING * * *
You climb upwards.
There is a stone staircase leading down here.
You hit the elephant but do no damage.
The elephant looks as sick as possible!
The elephant is severely wounded.
The elephant tramples you!
* * * LOW HITPOINT WARNING * * *
You hold your ground!
The elephant trunk-slaps you.
* * * LOW HITPOINT WARNING * * *
You hit the elephant but do no damage.
The elephant looks as sick as possible!
Your bite misses the elephant.
The elephant is severely wounded.
The elephant tramples you.
* * * LOW HITPOINT WARNING * * *
You hold your ground!
You block the elephant's attack. The elephant attacks as you move away!
The elephant closely misses you.
The elephant trunk-slaps you but does no damage.
The elephant attacks as you move away! The elephant tramples you!
You die...
Your body rises from the dead as a mindless zombie.

..........#.######........#...#.#
#.##.###..#......................
#....ZZ........###........##..#.#
####.###..#.#...##..#.....##..#.#
.................................
#######.....#...##..#..#>.##.....
............#...##...............
............##(###.##...........#
######..........@Y........###.#.#
#......##.###.##.#...###....
######......##.###.##.)))........
..ZZZZ.Z...............##...###.Z
######.....###.######.###.#.#.#Z#
#.Z..............###...#.#..
#Z....###.######....###...##
######Z....# #.# #..#.#.#.#.#)
ZZZ..Z.....###.######....##.#.#.#


You could see an elephant (extremely poisoned).

Vanquished Creatures
  Maggie (D:6)
  A wyvern (D:7)
  A water moccasin (D:7)
  An orc warrior (D:7)
  An ice beast (D:7)
  3 black bears
  2 sky beasts (D:7)
  2 ogres
  A centaur (D:5)
  2 phantoms (D:7)
  2 kobold brigands
  2 bullfrogs (D:7)
  2 scorpions (D:5)
  5 wights (D:6)
  6 howler monkeys
  A jelly (D:6)
  2 orc priests
  2 gnoll boudas
  2 sleepcaps
  2 iguanas (D:4)
  2 orc wizards
  Terence (D:3)
  12 gnolls
  5 adders
  A white imp (D:6)
  2 dart slugs
  11 orcs
  2 ball pythons
  3 endoplasms
  3 giant cockroaches
  6 goblins
  8 hobgoblins
  7 jackals
  12 kobolds
  2 quokkas
  5 bats
  2 frilled lizards
125 creatures vanquished.

Vanquished Creatures (collateral kills)
  Grinder (D:6)
  Sigmund (D:6)
  2 wyverns (D:7)
  A sky beast (D:7)
  An ogre (D:6)
  2 scorpions (D:6)
  An orc (D:6)
  A goblin (D:7)
  3 kobolds (D:6)
13 creatures vanquished.

Vanquished Creatures (others)
  5 dream sheep (D:6)
  A black bear zombie (D:6)
  A scorpion zombie (D:6)
  3 howler monkey zombies
  An adder zombie (D:6)
  3 kobold zombies (D:6)
  6 plants (D:3)
20 creatures vanquished.

Grand Total: 158 creatures vanquished

Notes
Turn   | Place    | Note
-------+----------+-------------------------------------------
     0 | D:1      | MisterFreud the Gnoll Wanderer began the quest for the Orb.
     0 | D:1      | MisterFreud set off with the following items: a +2
                  | quarterstaff, a +0 ring mail, a scroll of fear; and the
                  | following spells available to memorise: Poisonous Vapours,
                  | Static Discharge.
     0 | D:1      | Reached XP level 1. HP: 17/17 MP: 6/6
   108 | D:1      | Reached XP level 2. HP: 23/23 MP: 7/7
   623 | D:2      | Found Tonoxie's Armour Boutique.
   624 | D:2      | Found Udduos's Book Shop.
   628 | D:2      | Found Arusil's Jewellery Shop.
   742 | D:2      | Reached skill level 5 in Spellcasting
   742 | D:2      | Reached XP level 3. HP: 28/28 MP: 7/9
   980 | D:2      | Found Zosaryl's Antique Weapon Emporium.
  1107 | D:3      | Reached skill level 1 in Invocations
  1123 | D:3      | Found a hazy altar of Hepliaklqana.
  1165 | D:3      | Noticed Terence
  1184 | D:3      | Killed Terence
  1185 | D:3      | Reached skill level 1 in Short Blades
  1185 | D:3      | Reached skill level 1 in Long Blades
  1185 | D:3      | Reached skill level 1 in Axes
  1185 | D:3      | Reached skill level 1 in Maces & Flails
  1185 | D:3      | Reached skill level 1 in Polearms
  1185 | D:3      | Reached skill level 1 in Ranged Weapons
  1185 | D:3      | Reached skill level 1 in Dodging
  1185 | D:3      | Reached skill level 1 in Shields
  1185 | D:3      | Reached skill level 1 in Unarmed Combat
  1185 | D:3      | Reached skill level 1 in Evocations
  1185 | D:3      | Reached XP level 4. HP: 13/34 MP: 11/11
  1456 | D:3      | Reached skill level 1 in Conjurations
  1456 | D:3      | Reached skill level 1 in Hexes
  1456 | D:3      | Reached skill level 1 in Summonings
  1456 | D:3      | Reached skill level 1 in Necromancy
  1456 | D:3      | Reached skill level 1 in Translocations
  1456 | D:3      | Reached skill level 1 in Transmutations
  1456 | D:3      | Reached skill level 1 in Fire Magic
  1456 | D:3      | Reached skill level 1 in Ice Magic
  1456 | D:3      | Reached skill level 1 in Earth Magic
  1456 | D:3      | Reached skill level 1 in Poison Magic
  2021 | D:4      | Reached XP level 5. HP: 40/40 MP: 12/12
  2294 | D:4      | Found a stormy altar of Qazlal.
  2437 | D:4      | Reached XP level 6. HP: 23/47 MP: 13/13
  2979 | D:5      | Entered Level 5 of the Dungeon
  3046 | D:5      | Reached skill level 7 in Staves
  3046 | D:5      | Reached XP level 7. HP: 52/52 MP: 15/15
  3783 | D:5      | Reached XP level 8. HP: 35/60 MP: 16/16
  3975 | D:5      | Found a staircase to the Ecumenical Temple.
  4224 | Temple   | Entered the Ecumenical Temple
  4229 | Temple   | Became a worshipper of Yredelemnul the Dark
  4420 | D:6      | Reached * piety under Yredelemnul
  4619 | D:6      | Reached ** piety under Yredelemnul
  4884 | D:6      | Found a snail-covered altar of Cheibriados.
  4890 | D:6      | Reached XP level 9. HP: 39/66 MP: 18/18
  4893 | D:6      | Noticed Grinder
  4899 | D:6      | Reached *** piety under Yredelemnul
  4912 | D:6      | Killed Grinder
  4913 | D:6      | Reached skill level 5 in Fighting
  4913 | D:6      | Reached skill level 5 in Throwing
  4913 | D:6      | Reached skill level 5 in Armour
  4934 | D:6      | Noticed Sigmund
  4947 | D:6      | Killed Sigmund
  4948 | D:6      | Reached skill level 5 in Stealth
  5152 | D:6      | Noticed Maggie
  5168 | D:6      | Killed Maggie
  5169 | D:6      | Reached skill level 8 in Staves
  5169 | D:6      | Reached skill level 5 in Invocations
  5270 | D:6      | Found a shimmering altar of Xom.
  6010 | D:7      | Reached skill level 5 in Short Blades
  6010 | D:7      | Reached skill level 5 in Long Blades
  6010 | D:7      | Reached skill level 5 in Axes
  6010 | D:7      | Reached skill level 5 in Maces & Flails
  6010 | D:7      | Reached skill level 5 in Polearms
  6010 | D:7      | Reached skill level 5 in Ranged Weapons
  6010 | D:7      | Reached skill level 5 in Dodging
  6010 | D:7      | Reached skill level 5 in Shields
  6010 | D:7      | Reached skill level 5 in Unarmed Combat
  6010 | D:7      | Reached skill level 5 in Evocations
  6012 | D:7      | Reached XP level 10. HP: 66/76 MP: 20/20
  6022 | D:7      | Reached **** piety under Yredelemnul
  6245 | D:7      | Found Wubliuni's Weapon Emporium.
  6257 | D:7      | Bought a +0 demon trident of venom for 200 gold pieces
  6569 | D:7      | Reached ***** piety under Yredelemnul
  7169 | D:8      | Found a staircase to the Lair.
  7169 | D:8      | Noticed an elephant
  7214 | D:7      | Mangled by an elephant

Illustrated notes

Levels and vault maps discovered:
D:1:      reono_arrival_forest_river, layout_basic, hex_tiny
D:2:      layout_basic, serial_shops, shop, shop, shop_statue, shop,
          minmay_shallow_snake_nest
D:3:      layout_loops_ring, nicolae_hepliaklqana_hazy_memory,
          kennysheep_path_1, uniq_terence
D:4:      layout_cave_pods, nicolae_qazlal_scattered_showers
D:5:      layout_cave_pools, minmay_temple_entry_antechambers, st_stairs_1
D:6:      layout_cave_pools, kb_xom_exploding_sheep, lemuel_tele_altar,
          nrook_uturn, serial_park_tiny_1, uniq_maggie, uniq_grinder,
          uniq_sigmund
D:7:      layout_basic, enter_bailey_3, serial_shops,
          nicolae_shop_advertising_works [nicolae_subvault_shop_adworks],
          minmay_starry_boxes
D:8:      layout_cave_pods, nicolae_overflow_crystal_walls, david_lair_generic,
          gammafunk_ghost_berserking_beasts, serial_shops,
          nicolae_shop_competitors_out_of_business
Temple:   minmay_freezing_vapour_temple

Skill      XL: |  1  2  3  4  5  6  7  8  9 |
---------------+----------------------------+-----
Air Magic      | 2 3 4 |  4.9
Spellcasting   | 5 6 7 |  7.3
Invocations    | 1 2 3 4 5 |  5.8
Short Blades   | 1 2 3 5 |  5.2
Long Blades    | 1 2 3 5 |  5.2
Axes           | 1 2 3 5 |  5.2
Maces & Flails | 1 2 3 5 |  5.2
Polearms       | 1 2 3 5 |  5.2
Ranged Weapons | 1 2 3 5 |  5.2
Dodging        | 1 2 3 5 |  5.2
Shields        | 1 2 3 5 |  5.2
Unarmed Combat | 1 2 3 5 |  5.2
Evocations     | 1 2 3 5 |  5.2
Conjurations   | 1 2 3 4 |  4.3
Hexes          | 1 2 3 4 |  4.3
Summonings     | 1 2 3 4 |  4.3
Necromancy     | 1 2 3 4 |  4.3
Translocations | 1 2 3 4 |  4.3
Transmutations | 1 2 3 4 |  4.3
Fire Magic     | 1 2 3 4 |  4.3
Ice Magic      | 1 2 3 4 |  4.3
Earth Magic    | 1 2 3 4 |  4.3
Poison Magic   | 1 2 3 4 |  4.3
Fighting       | 3 4 5 |  5.9
Throwing       | 3 4 5 |  5.9
Armour         | 3 4 5 |  5.9
Stealth        | 3 4 5 |  5.8
Staves         | 7 8 |  8.5

Action                     |  1- 3 |  4- 6 |  7- 9 | 10-12 || total
---------------------------+-------+-------+-------+-------++-------
  Melee: Quarterstaff      |    72 |   120 |   190 |    25 ||   407
         Bite              |     7 |     8 |    20 |     6 ||    41
         Demon trident     |       |       |       |    33 ||    33
  Throw: Dart              |       |    10 |     2 |       ||    12
         Throwing net      |       |       |     1 |       ||     1
  Evoke: Wand              |       |       |     3 |       ||     3
    Use: Scroll            |     6 |     6 |     4 |     2 ||    18
   Stab: Sleeping          |       |     1 |       |       ||     1
         Distracted        |       |       |     3 |       ||     3
 Armour: Ring mail         |    29 |    48 |    62 |    10 ||   149
         Acid dragon scale |       |       |       |    12 ||    12
  Dodge: Dodged            |    35 |    60 |   105 |    31 ||   231
  Block: Buckler           |       |       |       |     5 ||     5
